[Event "FIDE Womens Grand Swiss 2023"]
[Site "Douglas/Isle of Man"]
[Date "2023.10.25"]
[Round "1.1"]
[White "Matnadze Bujiashvili, Ann"]
[Black "Goryachkina, Aleksandra"]
[Result "1/2-1/2"]
[ECO "D23"]
[WhiteElo "2400"]
[BlackElo "2558"]
[Annotator "TA"]
[PlyCount "131"]
[EventDate "2023.10.04"]
[EventType "swiss"]
[EventCountry "GBR"]
[SourceTitle "playchess.com"]
[Source "ChessBase"]
[SourceQuality "1"]
[TimeControl "40/6000+30:20/3000+30:900+30"]

1. d4 d5 2. Nf3 Nf6 3. c4 c6 4. Qb3 dxc4 5. Qxc4 Bf5 6. Nc3 e6 7. Bg5 Qb6 {[%emt 0:07:11] D23: Queen's Gambit Accepted: 3 Nf3 Nf6 sidelines.} 8. Na4 Qa5+ 9. Bd2 {[%emt 0:01:00] [#]} Qd5 $146 ({Predecessor:} 9... Qc7 10. Nc5 Nbd7 11. Nxd7 Nxd7 12. g3 Be7 13. Bg2 Be4 14. O-O O-O 15. Bb4 Nb6 {0-1 Cohen,H (2035)-Dorobanov,S (2276) USA-chT Amateur East 2013 (5)}) 10. Qxd5 exd5 11. Rc1 Nbd7 12. e3 Be7 13. Be2 Ne4 14. Ba5 Nb6 15. Nc3 Nd6 16. Bb4 a5 17. Bc5 Nd7 18. Ba3 b5 {[%emt 0:05:28] Hoping for ...b4.} 19. Bxd6 Bxd6 20. O-O O-O 21. a4 b4 22. Nb1 Rfc8 23. Nbd2 c5 24. Bb5 Rc7 25. dxc5 Nxc5 26. Nd4 Bg6 27. f4 Rac8 28. f5 Bh5 29. h3 f6 30. g4 Bf7 31. Rfd1 h5 32. Kg2 Kf8 (32... g6 {simplifies} 33. Rf1 g5 34. N2b3 Nxb3 35. Rxc7 Bxc7 36. Nxb3 Bb6) 33. N2f3 Ke7 34. g5 fxg5 $1 35. Nxg5 {[%emt 0:01:00] Excellent horsemanship.} Bg8 $1 36. h4 Kf6 37. Rf1 Ne4 (37... Be5 $5 ) 38. Rxc7 Rxc7 39. Bd3 (39. Nge6 $5 Rc8 40. Bd7 $11) 39... Nc5 40. Bb5 Be5 41. Be8 $2 (41. Ngf3 $11 {and White is okay.}) 41... Bxd4 $19 42. exd4 Ne4 43. Nxe4+ dxe4 44. Bxh5 $17 {[%emt 0:00:13][%mdl 4096] Endgame KRB-KRB} Bd5 (44... Rc2+ $1 $17 45. Kg3 e3) 45. Kg3 $11 Rc2 46. Kf4 (46. Rg1 $11) 46... Rh2 $1 $17 (46... Rxb2 47. Rg1 Rf2+ 48. Ke3 $11) 47. Bg4 $2 (47. Rg1 $1 $15 Rxh4+ 48. Bg4) 47... b3 $2 (47... Rxh4 48. Rg1 $15) (47... Rxb2 $19 {has better winning chances.} 48. Rc1 b3) 48. Rg1 $2 (48. Rb1 $17) 48... Rxb2 $19 49. Bh5 Rf2+ 50. Ke3 Rxf5 (50... Rc2 $19 51. Rg6+ Ke7) 51. Bg4 $18 Rf3+ 52. Bxf3 exf3 {[%emt 0:00:05] [#] KR-KB} 53. h5 $2 (53. Rc1 $1 $18 {and the rest is easy.}) 53... Bf7 $2 (53... Kf5 $16 {was necessary.}) 54. Rc1 $2 ({Stronger than} 54. Kxf3 Bxh5+ 55. Ke3 Bg6 $11) (54. Rb1 $18) 54... Be8 $11 {[%emt 0:01:45] [#]} 55. Rc8 (55. Rc7 $1 $16) 55... Bxa4 {[%emt 0:00:23] aiming for ...Ke6. The position is equal.} 56. Rb8 $1 (56. Kxf3 $2 {too greedy.} Bb5 57. Rf8+ (57. Rb8 $2 Bc4 $19) 57... Ke6 $19) 56... Ke6 57. Kxf3 Kd5 58. Ke3 {[%emt 0:00:14] Kd3 is the strong threat.} Kc4 {[%emt 0:00:10] Threatens to win with ...Bb5.} 59. Kd2 Kxd4 60. Rb7 Be8 61. Rxb3 (61. Rxg7 {is more complex.} Bxh5 62. Rg5 b2 63. Kc2) 61... Bxh5 62. Rb5 Bf7 63. Rxa5 g6 64. Ra7 Be6 65. Rg7 Bf5 66. Ke2 {[%emt 0:00:07] Never resign too early!   Weighted Error Value: White=0.45/Black=0.28 (precise)} 1/2-1/2

[Event "FIDE Womens Grand Swiss 2023"]
[Site "Douglas/Isle of Man"]
[Date "2023.10.25"]
[Round "1.2"]
[White "Kosteniuk, Alexandra"]
[Black "Narva, Mai"]
[Result "1/2-1/2"]
[ECO "B40"]
[WhiteElo "2523"]
[BlackElo "2399"]
[Annotator "RC"]
[PlyCount "79"]
[EventDate "2023.10.04"]
[EventType "swiss"]
[EventCountry "GBR"]
[SourceTitle "playchess.com"]
[Source "ChessBase"]
[SourceQuality "1"]
[TimeControl "40/6000+30:20/3000+30:900+30"]

1. e4 c5 2. Nf3 e6 3. c3 d5 4. e5 d4 5. d3 Nc6 6. g3 dxc3 7. bxc3 Qd5 8. Bg2 Nxe5 9. O-O Nxf3+ 10. Bxf3 Qd7 11. Na3 Ne7 12. Nc4 Nc6 13. Bf4 Be7 14. Qa4 g5 15. Be3 Ne5 16. Qxd7+ Nxd7 17. Rab1 Rb8 18. Na5 Nb6 19. d4 cxd4 20. Bxd4 O-O 21. c4 Nd7 22. Rfd1 Bc5 23. Bxc5 Nxc5 24. Nc6 Ra8 25. Rb5 g4 26. Rxc5 gxf3 27. Rg5+ Kh8 28. Ne5 h6 29. Rg4 Kh7 30. Rd3 b6 31. Rxf3 f6 32. Rgf4 Kg7 33. Rg4+ Kh7 34. Rgf4 Kg7 35. Rd4 h5 36. Nd7 Rf7 37. Rfd3 e5 38. Rd6 Bxd7 39. Rxd7 Rc8 40. Rxf7+ 1/2-1/2

[Event "FIDE Womens Grand Swiss 2023"]
[Site "Douglas/Isle of Man"]
[Date "2023.10.25"]
[Round "1.3"]
[White "Hoang, Thanh Trang"]
[Black "Muzychuk, Mariya"]
[Result "1/2-1/2"]
[ECO "E04"]
[WhiteElo "2398"]
[BlackElo "2519"]
[Annotator "RC"]
[PlyCount "81"]
[EventDate "2023.10.04"]
[EventType "swiss"]
[EventCountry "GBR"]
[SourceTitle "playchess.com"]
[Source "ChessBase"]
[SourceQuality "1"]
[TimeControl "40/6000+30:20/3000+30:900+30"]

1. d4 Nf6 2. Nf3 d5 3. c4 e6 4. g3 Bb4+ 5. Bd2 a5 6. Bg2 dxc4 7. Qc2 Bxd2+ 8. Qxd2 c6 9. a4 b5 10. axb5 cxb5 11. Qg5 O-O 12. Qxb5 Ba6 13. Qa4 Qb6 14. O-O Qxb2 15. Nbd2 Bb5 16. Nxc4 Bxa4 17. Nxb2 Bb5 18. Ne5 Nd5 19. Nbc4 Nc6 20. Nxc6 Bxc4 21. Rxa5 Rxa5 22. Nxa5 Bxe2 23. Re1 Bb5 24. Bxd5 exd5 25. Re5 Rd8 26. Nb7 Ra8 27. Nd6 Bd7 28. Re7 Be6 29. Re8+ Rxe8 30. Nxe8 Kf8 31. Nc7 g5 32. f3 Ke7 33. Kf2 f6 34. Ke3 Bf7 35. Na6 Kd6 36. Nc5 Bg6 37. f4 h6 38. Kf3 Bh5+ 39. Ke3 Bg6 40. Kf3 Bh5+ 41. Ke3 1/2-1/2

[Event "FIDE Womens Grand Swiss 2023"]
[Site "Douglas/Isle of Man"]
[Date "2023.10.25"]
[Round "1.4"]
[White "Tan, Zhongyi"]
[Black "Fataliyeva, Ulviyya"]
[Result "1-0"]
[ECO "E05"]
[WhiteElo "2517"]
[BlackElo "2393"]
[Annotator "RC"]
[PlyCount "89"]
[EventDate "2023.10.04"]
[EventType "swiss"]
[EventCountry "GBR"]
[SourceTitle "playchess.com"]
[Source "ChessBase"]
[SourceQuality "1"]
[TimeControl "40/6000+30:20/3000+30:900+30"]

1. d4 Nf6 2. c4 e6 3. Nf3 d5 4. g3 Be7 5. Bg2 O-O 6. O-O dxc4 7. Qa4 a6 8. Qxc4 b5 9. Qc2 Bb7 10. Bd2 Be4 11. Qc1 Ra7 12. a4 b4 13. Bg5 c5 14. Nbd2 Bxf3 15. Nxf3 cxd4 16. Qc4 Nd5 17. Bxe7 Qxe7 18. Nxd4 Rc7 19. Qb3 Rfc8 20. Bxd5 exd5 21. Rad1 Rd8 22. Rd2 a5 23. Rfd1 g6 24. Rc2 Rc5 25. Qd3 Nd7 26. Rxc5 Nxc5 27. Qb5 Rd7 28. Qxa5 Ne4 29. Qb6 Rd6 30. Qb8+ Kg7 31. Qxb4 Nxf2 32. Nf5+ gxf5 33. Qd4+ Qf6 34. Kxf2 Rb6 35. b4 Qxd4+ 36. Rxd4 Kf6 37. b5 Ke5 38. Rh4 Rb7 39. Ke3 f6 40. Kd3 Kd6 41. Rf4 Ke5 42. Rb4 Kd6 43. b6 Kc5 44. Rb5+ Kc6 45. Kd4 1-0

[Event "FIDE Womens Grand Swiss 2023"]
[Site "Douglas/Isle of Man"]
[Date "2023.10.25"]
[Round "1.5"]
[White "Milliet, Sophie"]
[Black "Muzychuk, Anna"]
[Result "0-1"]
[ECO "C54"]
[WhiteElo "2391"]
[BlackElo "2510"]
[Annotator "RC"]
[PlyCount "144"]
[EventDate "2023.10.04"]
[EventType "swiss"]
[EventCountry "GBR"]
[SourceTitle "playchess.com"]
[Source "ChessBase"]
[SourceQuality "1"]
[TimeControl "40/6000+30:20/3000+30:900+30"]

1. e4 e5 2. Nf3 Nc6 3. Bc4 Bc5 4. d3 Nf6 5. c3 d6 6. O-O a6 7. a4 h6 8. Re1 O-O 9. Nbd2 a5 10. Nf1 Be6 11. Bb5 Na7 12. d4 Nxb5 13. dxc5 Na7 14. cxd6 Qxd6 15. Qxd6 cxd6 16. Be3 Nc6 17. Ng3 Rfd8 18. h3 d5 19. exd5 Nxd5 20. Bc5 f6 21. Rad1 b6 22. Be3 Nxe3 23. fxe3 Bb3 24. Rxd8+ Rxd8 25. Ra1 Rd1+ 26. Rxd1 Bxd1 27. Nd2 Bxa4 28. Nf5 Bc2 29. Nd6 Bd3 30. e4 Ba6 31. Kf2 Kf8 32. Nf5 Ne7 33. Ne3 Ke8 34. h4 h5 35. Kf3 Kd7 36. Ndc4 Kc6 37. g4 hxg4+ 38. Kxg4 a4 39. h5 Kc5 40. Nd2 Be2+ 41. Kh4 b5 42. Nc2 Nc8 43. Nb4 Nb6 44. Na6+ Kd6 45. Nb4 Ke6 46. Nc2 Nc8 47. Nb4 Ne7 48. Nc2 Nc8 49. Nb4 Nd6 50. Na6 Nb7 51. Nc7+ Kf7 52. Na6 Nd6 53. Nb4 Bd1 54. Nd3 Bc2 55. Nc5 Ke7 56. Kg4 Bd1+ 57. Kh4 Be2 58. Na6 Nb7 59. Nb4 Nc5 60. Nd5+ Kf7 61. Nc7 Nd3 62. Nxb5 Nxb2 63. Na3 Ke6 64. Ndb1 Kd6 65. Nd2 Kc5 66. Ndb1 Nc4 67. Nc2 Bd3 68. Nba3 Bxe4 69. h6 gxh6 70. Kh5 Bd3 71. Kxh6 Nxa3 72. Nxa3 e4 0-1

[Event "FIDE Womens Grand Swiss 2023"]
[Site "Douglas/Isle of Man"]
[Date "2023.10.25"]
[Round "1.6"]
[White "Shuvalova, Polina"]
[Black "Roebers, Eline"]
[Result "0-1"]
[ECO "C17"]
[WhiteElo "2506"]
[BlackElo "2390"]
[Annotator "RC"]
[PlyCount "144"]
[EventDate "2023.10.04"]
[EventType "swiss"]
[EventCountry "GBR"]
[SourceTitle "playchess.com"]
[Source "ChessBase"]
[SourceQuality "1"]
[TimeControl "40/6000+30:20/3000+30:900+30"]

1. e4 e6 2. d4 d5 3. Nc3 Bb4 4. e5 c5 5. Bd2 Ne7 6. a3 Bxc3 7. Bxc3 b6 8. Nf3 Ba6 9. Bxa6 Nxa6 10. h4 Rc8 11. h5 h6 12. Qe2 Nb8 13. Rh3 Qc7 14. g4 Nbc6 15. Rg3 Kd7 16. dxc5 bxc5 17. Kf1 g6 18. hxg6 fxg6 19. b4 Rcf8 20. b5 Na5 21. Rd1 Kc8 22. Nd2 Rf4 23. Bxa5 Qxa5 24. Qe3 Rhf8 25. Qxc5+ Qc7 26. Qxc7+ Kxc7 27. f3 Kb6 28. Ke2 Kxb5 29. Rb1+ Ka4 30. Rb7 Nc6 31. Rc7 Kb5 32. c3 Ra4 33. Rg1 Kb6 34. Rd7 Nxe5 35. Rd6+ Nc6 36. Rxe6 g5 37. Rb1+ Kc7 38. Rb3 Rh8 39. Rg6 Ne5 40. Rg7+ Kd6 41. Kf2 h5 42. gxh5 Rxh5 43. Kg2 g4 44. fxg4 Nxg4 45. Rg6+ Kc7 46. Rg7+ Kd6 47. Rg6+ Kc7 48. Nf3 Ne3+ 49. Kf2 Nc2 50. Rb2 Nxa3 51. Ra2 Ra5 52. Kg3 Nc4 53. Re2 Rh7 54. Ng5 Rd7 55. Ne6+ Kb7 56. Re1 Rb5 57. Nd4 Rb2 58. Ne6 Rb5 59. Nd4 Rb6 60. Ne6 Rc6 61. Rb1+ Nb6 62. Rb3 Rc4 63. Kf2 Re7 64. Nd4 Rc8 65. Nb5 Rc6 66. Nd6+ Kb8 67. Ra3 Re8 68. Rg7 Rxd6 69. Raxa7 Rf6+ 70. Kg2 Rg6+ 71. Kf3 Rxg7 72. Rxg7 Rc8 0-1

[Event "FIDE Womens Grand Swiss 2023"]
[Site "Douglas/Isle of Man"]
[Date "2023.10.25"]
[Round "1.7"]
[White "Tania, Sachdev"]
[Black "Dronavalli, Harika"]
[Result "1/2-1/2"]
[ECO "D31"]
[WhiteElo "2389"]
[BlackElo "2502"]
[Annotator "RC"]
[PlyCount "92"]
[EventDate "2023.10.04"]
[EventType "swiss"]
[EventCountry "GBR"]
[SourceTitle "playchess.com"]
[Source "ChessBase"]
[SourceQuality "1"]
[TimeControl "40/6000+30:20/3000+30:900+30"]

1. d4 d5 2. Nf3 c6 3. c4 e6 4. Nc3 dxc4 5. g3 b5 6. Bg2 Bb7 7. a4 a6 8. O-O Nf6 9. Ne5 Qc8 10. Bg5 h6 11. Bxf6 gxf6 12. Ng4 Nd7 13. e4 h5 14. Ne3 h4 15. Qc2 Qc7 16. Rfc1 Rd8 17. Qe2 Bh6 18. Rd1 hxg3 19. hxg3 Kf8 20. Ng4 Bg7 21. Qc2 Kg8 22. Ne3 Bf8 23. Qe2 Bg7 24. Rac1 Qb6 25. Ra1 Nf8 26. d5 cxd5 27. exd5 f5 28. axb5 axb5 29. Bf3 Rh6 30. Bg2 Rg6 31. Rd2 f4 32. gxf4 Bxc3 33. bxc3 Bxd5 34. f5 Rg7 35. Nxd5 exd5 36. Rad1 Qf6 37. Rxd5 Rxd5 38. Rxd5 Qxc3 39. Rxb5 Qc1+ 40. Qf1 Qf4 41. Rc5 Rg4 42. Rc8 Qe4 43. f3 Qe3+ 44. Qf2 Qc1+ 45. Qf1 Qe3+ 46. Qf2 Qc1+ 1/2-1/2

[Event "FIDE Womens Grand Swiss 2023"]
[Site "Douglas/Isle of Man"]
[Date "2023.10.25"]
[Round "1.8"]
[White "Paehtz, Elisabeth"]
[Black "Lee, Alice"]
[Result "1-0"]
[ECO "A20"]
[WhiteElo "2484"]
[BlackElo "2388"]
[Annotator "RC"]
[PlyCount "45"]
[EventDate "2023.10.04"]
[EventType "swiss"]
[EventCountry "GBR"]
[SourceTitle "playchess.com"]
[Source "ChessBase"]
[SourceQuality "1"]
[TimeControl "40/6000+30:20/3000+30:900+30"]

1. c4 e5 2. g3 c6 3. d4 e4 4. Nc3 d5 5. Nh3 Bb4 6. Qb3 Ba5 7. Bg5 f6 8. Bd2 dxc4 9. Qxc4 b5 10. Qb3 Qxd4 11. O-O-O Qe5 12. Nxe4 Qxe4 13. Bxa5 Be6 14. Bg2 Qe5 15. Rd8+ Kf7 16. Qa3 b4 17. Bxb4 g5 18. Bc3 Qb5 19. Qf8+ Kg6 20. Qe8+ Bf7 21. Be4+ f5 22. Rd6+ Kh5 23. Bf3+ 1-0

[Event "FIDE Womens Grand Swiss 2023"]
[Site "Douglas/Isle of Man"]
[Date "2023.10.25"]
[Round "1.9"]
[White "Tsolakidou, Stavroula"]
[Black "Batsiashvili, Nino"]
[Result "1-0"]
[ECO "A13"]
[WhiteElo "2385"]
[BlackElo "2475"]
[Annotator "RC"]
[PlyCount "75"]
[EventDate "2023.10.04"]
[EventType "swiss"]
[EventCountry "GBR"]
[SourceTitle "playchess.com"]
[Source "ChessBase"]
[SourceQuality "1"]
[TimeControl "40/6000+30:20/3000+30:900+30"]

1. c4 e6 2. g3 d5 3. Bg2 d4 4. Nf3 Nc6 5. O-O Nh6 6. d3 Nf5 7. e4 dxe3 8. fxe3 h5 9. d4 h4 10. g4 h3 11. Bh1 Nh6 12. g5 Nf5 13. Nc3 Be7 14. d5 Nb4 15. Nd4 Rh4 16. a3 Bc5 17. axb4 Rxd4 18. exd4 Bxd4+ 19. Rf2 Qd6 20. Ne4 Qe5 21. Qf3 exd5 22. cxd5 Qe7 23. Bd2 Nh4 24. Qd3 Bxf2+ 25. Nxf2 Bf5 26. Qe3 Qxe3 27. Bxe3 Kd7 28. Bd4 g6 29. Re1 a5 30. bxa5 Rxa5 31. Ne4 Bxe4 32. Bxe4 Ra4 33. Bf6 Kd6 34. Kf2 Nf5 35. Bxf5 gxf5 36. Kg3 Kxd5 37. Re5+ Kd6 38. Rxf5 1-0

[Event "FIDE Womens Grand Swiss 2023"]
[Site "Douglas/Isle of Man"]
[Date "2023.10.25"]
[Round "1.10"]
[White "Assaubayeva, Bibisara"]
[Black "Beydullayeva, Govhar"]
[Result "1/2-1/2"]
[ECO "A13"]
[WhiteElo "2469"]
[BlackElo "2383"]
[Annotator "RC"]
[PlyCount "83"]
[EventDate "2023.10.04"]
[EventType "swiss"]
[EventCountry "GBR"]
[SourceTitle "playchess.com"]
[Source "ChessBase"]
[SourceQuality "1"]
[TimeControl "40/6000+30:20/3000+30:900+30"]

1. c4 Nf6 2. Nf3 e6 3. g3 d5 4. Bg2 dxc4 5. Qa4+ Bd7 6. Qxc4 c5 7. Ne5 Qc8 8. Qd3 Nc6 9. Nxd7 Nxd7 10. Nc3 Be7 11. b3 O-O 12. Bb2 Rd8 13. Rd1 Nb6 14. Qb1 Nd5 15. Ne4 Qd7 16. O-O Rac8 17. Qa1 f5 18. d3 Nd4 19. e3 Nc2 20. Qb1 Ncb4 21. a3 Nc6 22. Qa1 Qe8 23. Nd2 Qf7 24. Nf3 Bf6 25. d4 Na5 26. Rd3 c4 27. bxc4 Nxc4 28. Nd2 b5 29. e4 Nxd2 30. Rxd2 Nb6 31. Re2 Na4 32. e5 Be7 33. d5 exd5 34. e6 Qg6 35. Rd1 Nxb2 36. Qxb2 Rc5 37. Re5 Qf6 38. Qe2 d4 39. Rxc5 Bxc5 40. Qxb5 Be7 41. Qa6 f4 42. Qxa7 1/2-1/2

[Event "FIDE Womens Grand Swiss 2023"]
[Site "Douglas/Isle of Man"]
[Date "2023.10.25"]
[Round "1.11"]
[White "Socko, Monika"]
[Black "Wagner, Dinara"]
[Result "1/2-1/2"]
[ECO "D02"]
[WhiteElo "2380"]
[BlackElo "2461"]
[Annotator "RC"]
[PlyCount "56"]
[EventDate "2023.10.04"]
[EventType "swiss"]
[EventCountry "GBR"]
[SourceTitle "playchess.com"]
[Source "ChessBase"]
[SourceQuality "1"]
[TimeControl "40/6000+30:20/3000+30:900+30"]

1. d4 Nf6 2. Nf3 d5 3. Bf4 Bf5 4. e3 e6 5. Bd3 Bxd3 6. Qxd3 Nbd7 7. Nbd2 Bd6 8. Bxd6 cxd6 9. O-O O-O 10. Rfc1 Qe7 11. c4 dxc4 12. Rxc4 Nb6 13. Rc2 Rfc8 14. Rac1 d5 15. Qb3 Rxc2 16. Rxc2 Rc8 17. Rxc8+ Nxc8 18. Qc3 Nd6 19. h3 Nfe8 20. Ne5 Qc7 21. Qxc7 Nxc7 22. Kf1 f6 23. Nd3 g5 24. Ke2 Kf7 25. Nb3 Nc4 26. Nd2 Nd6 27. Nb3 Nc4 28. Nd2 Nd6 1/2-1/2

[Event "FIDE Womens Grand Swiss 2023"]
[Site "Douglas/Isle of Man"]
[Date "2023.10.25"]
[Round "1.12"]
[White "Vaishali, Rameshbabu"]
[Black "Kiolbasa, Oliwia"]
[Result "1-0"]
[ECO "C54"]
[WhiteElo "2448"]
[BlackElo "2375"]
[Annotator "RC"]
[PlyCount "159"]
[EventDate "2023.10.04"]
[EventType "swiss"]
[EventCountry "GBR"]
[SourceTitle "playchess.com"]
[Source "ChessBase"]
[SourceQuality "1"]
[TimeControl "40/6000+30:20/3000+30:900+30"]

1. e4 e5 2. Nf3 Nc6 3. Bc4 Nf6 4. d3 Bc5 5. O-O d6 6. c3 O-O 7. Bg5 h6 8. Bh4 a6 9. b4 Ba7 10. Nbd2 Be6 11. a4 Qe7 12. Re1 Rfe8 13. h3 g5 14. Bg3 Nh5 15. Kh2 Qf6 16. b5 Na5 17. Bxe6 Rxe6 18. Nf1 Rae8 19. Ra2 Bb6 20. Ne3 Bxe3 21. fxe3 Nxg3 22. Kxg3 axb5 23. axb5 b6 24. h4 gxh4+ 25. Nxh4 Kh7 26. Rf1 Rg8+ 27. Kh3 Qg7 28. Nf5 Qg5 29. Kh2 Rf6 30. Raf2 Nb7 31. Qf3 Nc5 32. d4 Ne6 33. Qh3 Ng7 34. Nh4 Nh5 35. Rf5 Rxf5 36. Rxf5 Qg3+ 37. Qxg3 Nxg3 38. Rxf7+ Kh8 39. Rxc7 Nf1+ 40. Kg1 Nxe3 41. dxe5 dxe5 42. Kf2 Ng4+ 43. Kg3 Nf6+ 44. Kf3 Rg4 45. g3 h5 46. Rc4 Nd7 47. Rc6 Rg7 48. Nf5 Rf7 49. Ke3 Rf6 50. Rc8+ Rf8 51. Rc6 Rf6 52. Ne7 Rf7 53. Nd5 Rg7 54. Kf3 Rf7+ 55. Ke3 Rg7 56. Kf3 Rf7+ 57. Kg2 Nc5 58. Rh6+ Kg7 59. Rxh5 Nxe4 60. Rxe5 Nd6 61. Ne3 Rc7 62. Rd5 Nf7 63. c4 Kf6 64. Rh5 Ke6 65. Kf3 Ne5+ 66. Ke4 Nxc4 67. Rh6+ Kd7 68. Rh7+ Kd8 69. Rxc7 Nd6+ 70. Ke5 Kxc7 71. Nd5+ Kd7 72. Nxb6+ Kc7 73. Nd5+ Kd7 74. b6 Nc4+ 75. Kf6 Kc6 76. Ke6 Nd2 77. g4 Nf3 78. Kf5 Kxd5 79. b7 Nd4+ 80. Kf6 1-0

[Event "FIDE Womens Grand Swiss 2023"]
[Site "Douglas/Isle of Man"]
[Date "2023.10.25"]
[Round "1.13"]
[White "Savitha Shri B"]
[Black "Efroimski, Marsel"]
[Result "1-0"]
[ECO "B35"]
[WhiteElo "2375"]
[BlackElo "2447"]
[Annotator "RC"]
[PlyCount "59"]
[EventDate "2023.10.04"]
[EventType "swiss"]
[EventCountry "GBR"]
[SourceTitle "playchess.com"]
[Source "ChessBase"]
[SourceQuality "1"]
[TimeControl "40/6000+30:20/3000+30:900+30"]

1. e4 c5 2. Nf3 Nc6 3. d4 cxd4 4. Nxd4 g6 5. Nc3 Bg7 6. Be3 Nf6 7. Bc4 O-O 8. f3 Qb6 9. Rb1 Qc5 10. Be2 Ng4 11. fxg4 Bxd4 12. Bxd4 Nxd4 13. Qd3 a5 14. Rd1 e5 15. Rd2 d6 16. Nd5 Be6 17. c3 Nxe2 18. Qxe2 f5 19. gxf5 gxf5 20. Qe3 Qxe3+ 21. Nxe3 fxe4 22. Rxd6 Bxa2 23. Ke2 a4 24. Rb6 Bb3 25. Rb4 Rf4 26. g3 Rf3 27. Rxe4 Raf8 28. Ke1 Rf2 29. Rf1 Rxb2 30. Rg4+ 1-0

[Event "FIDE Womens Grand Swiss 2023"]
[Site "Douglas/Isle of Man"]
[Date "2023.10.25"]
[Round "1.14"]
[White "Cramling, Pia"]
[Black "Cori T., Deysi"]
[Result "1/2-1/2"]
[ECO "A41"]
[WhiteElo "2446"]
[BlackElo "2367"]
[Annotator "RC"]
[PlyCount "116"]
[EventDate "2023.10.04"]
[EventType "swiss"]
[EventCountry "GBR"]
[SourceTitle "playchess.com"]
[Source "ChessBase"]
[SourceQuality "1"]
[TimeControl "40/6000+30:20/3000+30:900+30"]

1. d4 d6 2. c4 e5 3. Nf3 Nc6 4. g3 e4 5. Ng5 d5 6. Nc3 Bb4 7. Nh3 Nf6 8. Nf4 O-O 9. e3 Bg4 10. Be2 Bxe2 11. Qxe2 Na5 12. cxd5 Bxc3+ 13. bxc3 Nxd5 14. c4 Nb6 15. Ba3 Re8 16. Rc1 Qd7 17. Bb4 Naxc4 18. Rxc4 Qb5 19. Rxc7 Qxb4+ 20. Qd2 Qb1+ 21. Rc1 Qb5 22. Rc5 Qb1+ 23. Rc1 Qb5 24. Qe2 Qa5+ 25. Kf1 Rac8 26. Kg2 Nd5 27. Nxd5 Qxd5 28. Rxc8 Rxc8 29. Rb1 a6 30. a4 h5 31. h4 Rc7 32. Qd2 g6 33. a5 Kg7 34. Qb4 Qf5 35. Qd2 Qd5 36. Rb2 Rc4 37. Qd1 Rc3 38. Qb1 Rd3 39. Qc2 Qf5 40. Qe2 Qd5 41. Qc2 Qf5 42. Qe2 Qxa5 43. Rxb7 Rd2 44. Qe1 Qa2 45. d5 Kg8 46. Rb8+ Kh7 47. d6 Re2 48. d7 Rxe1 49. d8=Q Qa1 50. Qg8+ Kh6 51. Qf8+ Qg7 52. Qe7 Qa1 53. Qf8+ Qg7 54. Qe7 Qa1 55. Qxe4 Rh1 56. Qf4+ Kg7 57. Qd4+ Qxd4 58. exd4 Rd1 1/2-1/2

[Event "FIDE Womens Grand Swiss 2023"]
[Site "Douglas/Isle of Man"]
[Date "2023.10.25"]
[Round "1.15"]
[White "Munguntuul, Batkhuyag"]
[Black "Mammadzada, Gunay"]
[Result "1/2-1/2"]
[ECO "B84"]
[WhiteElo "2366"]
[BlackElo "2441"]
[Annotator "RC"]
[PlyCount "154"]
[EventDate "2023.10.04"]
[EventType "swiss"]
[EventCountry "GBR"]
[SourceTitle "playchess.com"]
[Source "ChessBase"]
[SourceQuality "1"]
[TimeControl "40/6000+30:20/3000+30:900+30"]

1. e4 c5 2. Nf3 d6 3. d4 cxd4 4. Nxd4 Nf6 5. Nc3 a6 6. Be3 e6 7. a4 Be7 8. a5 O-O 9. Be2 Nbd7 10. O-O Qc7 11. f4 b5 12. axb6 Nxb6 13. Kh1 Bb7 14. Bd3 d5 15. e5 Ne4 16. Qe2 g6 17. Nxe4 dxe4 18. Bxa6 Bxa6 19. Rxa6 Rxa6 20. Qxa6 Ra8 21. Qe2 Ra2 22. Bc1 Qc4 23. Qxc4 Nxc4 24. b3 Bc5 25. Nb5 Nb6 26. Nc3 Ra1 27. g3 Nd5 28. Nxe4 Ba3 29. c4 Ne3 30. Nf6+ Kg7 31. Rg1 Rxc1 32. Rxc1 Bxc1 33. c5 Nf5 34. c6 Ne7 35. c7 Be3 36. Ne8+ Kf8 37. Nd6 g5 38. fxg5 Bd4 39. c8=Q+ Nxc8 40. Nxc8 Bxe5 41. Nb6 Bd6 42. Kg2 Be7 43. h4 Kg7 44. Nc4 f6 45. gxf6+ Kxf6 46. Kf3 Bb4 47. Nb2 Ke7 48. Nd3 Bc3 49. Ke4 Kd6 50. b4 Kc6 51. g4 h6 52. g5 hxg5 53. hxg5 Kb5 54. g6 Bf6 55. Nf4 Kxb4 56. Nxe6 Kc4 57. Nc7 Bh8 58. Kf5 Kd4 59. Ke6 Ke4 60. Nd5 Kf3 61. Kf5 Kg3 62. Kg5 Kf3 63. Nf6 Ke3 64. Kf5 Kf3 65. Nd5 Kg3 66. Kg5 Kf3 67. Kh6 Ke4 68. Kh7 Be5 69. Ne7 Kf4 70. Kg8 Kg5 71. Kf7 Bb2 72. Nd5 Kf5 73. Nc7 Ba1 74. Nd5 Bb2 75. Nc7 Ba1 76. Ne8 Bb2 77. Nd6+ Kg5 1/2-1/2

[Event "FIDE Womens Grand Swiss 2023"]
[Site "Douglas/Isle of Man"]
[Date "2023.10.25"]
[Round "1.16"]
[White "Gunina, Valentina"]
[Black "Aulia, Medina Warda"]
[Result "1-0"]
[ECO "D32"]
[WhiteElo "2439"]
[BlackElo "2362"]
[Annotator "RC"]
[PlyCount "139"]
[EventDate "2023.10.04"]
[EventType "swiss"]
[EventCountry "GBR"]
[SourceTitle "playchess.com"]
[Source "ChessBase"]
[SourceQuality "1"]
[TimeControl "40/6000+30:20/3000+30:900+30"]

1. d4 d5 2. c4 e6 3. Nf3 Nf6 4. Nc3 c5 5. cxd5 exd5 6. Bg5 Be6 7. e3 c4 8. Be2 Bb4 9. O-O Bxc3 10. bxc3 O-O 11. Ne5 Nbd7 12. Qb1 Qa5 13. Nxd7 Nxd7 14. Rc1 Nb6 15. Bd1 Rfe8 16. a4 Bd7 17. Bf4 h6 18. h3 Qa6 19. Bf3 Bc6 20. a5 Nc8 21. h4 Ne7 22. h5 Rad8 23. Re1 Kh8 24. Bc7 Rd7 25. Be5 f6 26. Bg3 Rdd8 27. Bg4 Qb5 28. Qxb5 Bxb5 29. Bc7 Ra8 30. Be6 Bc6 31. f3 f5 32. g4 Rf8 33. Be5 Rae8 34. Ra2 Ng6 35. gxf5 Nh4 36. Rf1 Nxf5 37. Bxf5 Rxf5 38. Rg2 Re7 39. Kf2 Rxh5 40. Rfg1 Rg5 41. Rxg5 hxg5 42. Rxg5 Kh7 43. Rg4 Bd7 44. Rh4+ Kg8 45. e4 Be6 46. Rh5 Rd7 47. Rg5 Kf8 48. Ke3 Bg8 49. Rg6 Bh7 50. Rg1 Bg8 51. Rb1 Be6 52. Bb8 a6 53. Be5 g6 54. Rb6 Bf7 55. Kf4 Be8 56. Bd6+ Kg8 57. exd5 Bf7 58. Ke5 g5 59. Rb4 Bh5 60. Rxc4 Bxf3 61. Rc8+ Kg7 62. Bf8+ Kg6 63. c4 Bg4 64. Rb8 Bf3 65. d6 Be2 66. c5 g4 67. Be7 Kg7 68. Ke6 Bb5 69. Bf6+ Kh6 70. d5 1-0

[Event "FIDE Womens Grand Swiss 2023"]
[Site "Douglas/Isle of Man"]
[Date "2023.10.25"]
[Round "1.17"]
[White "Guichard, Pauline"]
[Black "Javakhishvili, Lela"]
[Result "1-0"]
[ECO "E21"]
[WhiteElo "2358"]
[BlackElo "2437"]
[Annotator "RC"]
[PlyCount "105"]
[EventDate "2023.10.04"]
[EventType "swiss"]
[EventCountry "GBR"]
[SourceTitle "playchess.com"]
[Source "ChessBase"]
[SourceQuality "1"]
[TimeControl "40/6000+30:20/3000+30:900+30"]

1. d4 Nf6 2. c4 e6 3. Nc3 Bb4 4. e3 O-O 5. Bd2 b6 6. Nf3 c5 7. Bd3 Ba6 8. a3 Bxc3 9. Bxc3 d5 10. b3 dxc4 11. bxc4 Nbd7 12. O-O Rc8 13. Qe2 Qc7 14. Nd2 Rfe8 15. a4 cxd4 16. exd4 e5 17. Qf3 exd4 18. Bxd4 Ne5 19. Bxe5 Rxe5 20. Rfe1 Bb7 21. Qh3 Rd8 22. Rxe5 Qxe5 23. Rd1 g6 24. Nf1 Bc6 25. Bc2 Rxd1 26. Bxd1 Kg7 27. Qa3 Nd7 28. Ne3 a5 29. Bf3 Bxf3 30. gxf3 h5 31. Nd5 h4 32. h3 Qe6 33. Kg2 Qc6 34. Qc3+ f6 35. Qe3 Qd6 36. Qe8 Nf8 37. Qc8 Nd7 38. Qd8 Qe6 39. Nc7 Qf7 40. Ne8+ Kh6 41. Nd6 Qg7 42. Nc8 Ne5 43. Nxb6 g5 44. Nd5 Nxc4 45. Ne7 Qh7 46. Qf8+ Kh5 47. Qxf6 Ne3+ 48. Kh2 Nf1+ 49. Kg1 Ne3 50. Qe6 Nc2 51. Nf5 Qg6 52. Qe4 Qb6 53. Qxc2 1-0